 Dungeon Crawl Stone Soup version 0.29-a0-1027-gcd8c55af63 (webtiles) character file.

Game seed: 6553189113522022412

1139 Conn the Firebug (level 8, -1/47 HPs)
             Began as an Octopode Fire Elementalist on Aug 13, 2022.
             Slain by Duvessa
             ... wielding a +0 short sword
              (13 damage)
             ... on level 5 of the Dungeon.
             The game lasted 00:13:04 (5734 turns).

Conn the Firebug (Octopode Fire Elementalist)       Turns: 5734, Time: 00:13:07

Health: -1/47      AC:  1    Str:  7    XL:     8   Next: 37%
Magic:  8/16       EV: 17    Int: 20    God:
Gold:   241        SH:  0    Dex: 12    Spells: 3/18 levels left

rFire   . . .      SeeInvis .   y - +2 short sword (holy)
rCold   . . .      Faith    .   (no shield)
rNeg    . . .      Spirit   .   (helmet restricted)
rPois   +          Reflect  .   x - amulet of regeneration
rElec   .          Harm     .   k - +4 ring of evasion
rCorr   .          Rampage  .   n - ring of poison resistance
Will    .....                   (no ring)
Stlth   +++.......              (no ring)
HPRegen 0.95/turn               (no ring)
MPRegen 0.15/turn               (no ring)
                                (no ring)
                                (no ring)

@: very slightly contaminated
A: almost no armour, amphibious, 8 rings, camouflage 1, gelatinous body 1,
(nimble swimmer 1), tentacles
a: no special abilities


You were on level 5 of the Dungeon.
You visited 1 branch of the dungeon, and saw 5 of its levels.
You also visited: Sewer.

You collected 241 gold pieces.

Inventory:

Hand Weapons
 c - a +0 dagger
 y - a +2 short sword of holy wrath (weapon)
Missiles
 h - 7 curare-tipped darts (quivered)
Jewellery
 k - a +4 ring of evasion (left tentacle)
 n - a ring of poison resistance (right tentacle)
 x - an amulet of regeneration (around mantle)
Wands
 w - a wand of roots (6)
Scrolls
 b - 3 scrolls of teleportation {unknown}
 d - 3 scrolls of vulnerability {unknown}
 e - a scroll of summoning {unknown}
 f - 2 scrolls of enchant weapon {unknown}
 g - 2 scrolls of fear {unknown}
 m - a scroll of poison {unknown}
 r - a scroll of identify {unknown}
 t - 2 scrolls of magic mapping {unknown}
 A - a scroll of blinking {unknown}
Potions
 a - a potion of magic
 i - a potion of brilliance {unknown}
 j - 3 potions of mutation {unknown}
 l - a potion of lignification {unknown}
 o - 2 potions of ambrosia {unknown}
 p - 2 potions of attraction {unknown}
 q - 2 potions of invisibility {unknown}
 s - 5 potions of haste {unknown}
 u - 2 potions of degeneration {unknown}
 v - 2 potions of heal wounds {unknown}
 z - a potion of curing


   Skills:
 + Level 0.5 Fighting
 + Level 1.5 Short Blades
 + Level 2.8 Dodging
 + Level 4.0 Stealth
 + Level 5.5 Spellcasting
 + Level 4.4 Conjurations
 + Level 5.9 Fire Magic


You had 3 spell levels left.
You knew the following spells:

 Your Spells              Type           Power      Damage    Failure   Level
a - Foxfire               Conj/Fire      100%       2x1d9     1%          1
b - Conjure Flame         Conj/Fire      26%        6-21      3%          3
c - Inner Flame           Hex/Fire       17%        N/A       10%         3
d - Flame Wave            Conj/Fire      26%        2d8       13%         4
e - Scorch                Fire           58%        2d7       1%          2
f - Searing Ray           Conj           46%        2d6       2%          2

Your spell library contained the following spells:

 Spells                   Type           Power      Damage    Failure   Level
 Magic Dart               Conj           92%        1d7       1%          1
 Beastly Appendage        Tmut           10%        N/A       11%         1
 Wereblood                Tmut           5%         N/A       17%         2
 Confusing Touch          Hex            5%         N/A       32%         3
 Spider Form              Tmut/Pois      5%         N/A       32%         3
 Fulminant Prism          Conj/Hex       7%         3d7       41%         4
 Yara's Violent Unravell  Hex/Tmut       2%         3d3       97%         5
 Enfeeble                 Hex            2%         N/A       100%        7


Dungeon Overview and Level Annotations

Branches:
Dungeon (5/15)              Sewer (visited)
 Temple: D:4-7

Altars:
Dithmenos
Ru

Shops:
D:2 :

Annotations:
D:3 2 transporters
D:5 Duvessa


Innate Abilities, Weirdness & Mutations

You cannot wear most types of armour.
You are amphibious.
You can wear up to eight rings at the same time.
Your skin changes colour to match your surroundings (Stealth+).
Your rubbery body absorbs attacks. (AC +1, EV +1)
((You are camouflaged when in or above water. (Stealth+)))
You have tentacles for arms and can constrict up to eight enemies at once.


Message History

Unknown command.
Unknown command.
Okay, then.
Okay, then.
Unknown command.
Unknown command.
Unknown command.
Unknown command.
Unknown command.
Unknown command.
Unknown command.
Unknown command.
Unknown command.
Unknown command.
Aiming: Fastroot
Press: ? - help, Shift-Dir - straight line, f - Duvessa
Aim: Duvessa, wielding a +0 short sword and wearing a +1 leather armour of fire resistance (lightly wounded, berserk, more vulnerable to fire)
The roots erupt in riotous growth!
Roots grab Duvessa.
The grasping roots constrict Duvessa.
Duvessa closely misses you.
Unknown command.
The grasping roots constrict Duvessa!
The roots release their grip on Duvessa.
Duvessa is no longer more vulnerable to fire.
Duvessa misses you.
Unknown command.
Unknown command.
Casting: Flame Wave (quite dangerous; 13% risk of failure)
Confirm with . or Enter, or press ? or * to list all spells.
Okay, then.
Unknown command.
Unknown command.
Unknown command.
Aiming: Fastroot
Press: ? - help, Shift-Dir - straight line, f/p - Duvessa
Aim: Duvessa, wielding a +0 short sword and wearing a +1 leather armour of fire resistance (moderately wounded, berserk)
The roots erupt in riotous growth!
Roots grab Duvessa.
The grasping roots constrict Duvessa.
Duvessa hits you with a +0 short sword!
You die...

#.# e.. .. #.# .# #.
#.#######.### . #.#
#§.......... .# #.#
#§# e. ..###.######.#
.#
............#######.#
#...######.#..@e...#
###...######.#.#####.#
....#........#.# .#
#...########.# .#
##.## #.# .# #.# #.#
.# #.#########.#####.#
#.....<...........#
########.#############


You could see Duvessa (berserk, rooted).

Vanquished Creatures
  Grinder (Sewer)
  A black bear (D:5)
  An ogre (D:4)
  A phantom (Sewer)
  2 kobold brigands (Sewer)
  2 scorpions (D:4)
  Dowan (D:5)
  A hound (D:4)
  Jessica (D:2)
  An orc wizard (D:4)
  2 iguanas (D:4)
  3 gnolls (D:2)
  2 river rats (D:3)
  8 adders
  4 shadow imps
  4 ufetubi (Sewer)
  An adder zombie (Sewer)
  4 worms (D:3)
  2 dart slugs
  3 orcs (D:4)
  3 bat zombies (Sewer)
  6 endoplasms
  2 giant cockroaches
  4 goblins
  2 hobgoblins
  2 jackals (D:4)
  5 quokkas
  4 ball pythons
  10 bats
  2 frilled lizards
  13 kobolds
  A kobold zombie (Sewer)
  10 rats
109 creatures vanquished.

Vanquished Creatures (collateral kills)
  15 foxfires (D:2)
15 creatures vanquished.

Vanquished Creatures (others)
  413 foxfires
  28 plants
441 creatures vanquished.

Grand Total: 565 creatures vanquished

Notes
Turn   | Place    | Note
-------+----------+-------------------------------------------
     0 | D:1      | Conn the Octopode Fire Elementalist began the quest for the
                  | Orb.
     0 | D:1      | Reached XP level 1. HP: 11/11 MP: 3/3
   818 | D:1      | Reached XP level 2. HP: 17/17 MP: 5/5
  1150 | D:2      | Found Uhousmeu's Book Shop.
  1233 | D:2      | Reached XP level 3. HP: 21/21 MP: 1/6
  1537 | D:2      | Noticed Jessica
  1550 | D:2      | Killed Jessica
  1551 | D:2      | Reached XP level 4. HP: 21/27 MP: 0/7
  1819 | D:2      | Found a faded altar of an unknown god.
  2607 | D:3      | Reached XP level 5. HP: 29/31 MP: 1/9
  2685 | D:3      | Found a transporter.
  2791 | D:3      | Identified the +1 robe "Tesyesiff" {Contam Harm Stlth+
                  | Archmagi}
  2934 | D:3      | Found a glowing drain.
  2942 | Sewer    | Entered a sewer
  3116 | Sewer    | Reached skill level 1 in Short Blades
  3221 | Sewer    | Found an ancient bone altar of Kikubaaqudgha.
  3222 | Sewer    | Noticed a kobold brigand
  3262 | Sewer    | Killed a kobold brigand
  3263 | Sewer    | Reached XP level 6. HP: 3/36 MP: 8/11
  3322 | Sewer    | Learned a level 2 spell: Scorch
  3326 | Sewer    | Learned a level 3 spell: Conjure Flame
  3330 | Sewer    | Learned a level 3 spell: Inner Flame
  3643 | Sewer    | Noticed Grinder
  3649 | Sewer    | Killed Grinder
  3650 | Sewer    | Reached XP level 7. HP: 41/41 MP: 4/13
  4115 | D:3      | Found a shadowy altar of Dithmenos.
  4127 | D:3      | Found a transporter.
  4263 | D:4      | Reached skill level 5 in Fire Magic
  4350 | D:4      | Learned a level 4 spell: Flame Wave
  4353 | D:4      | Learned a level 2 spell: Searing Ray
  4553 | D:4      | Reached skill level 5 in Spellcasting
  4670 | D:4      | Reached XP level 8. HP: 46/47 MP: 11/15
  5207 | D:4      | Found a sacrificial altar of Ru.
  5439 | D:5      | Entered Level 5 of the Dungeon
  5544 | D:5      | Noticed Dowan
  5582 | D:5      | Noticed Duvessa
  5611 | D:5      | Killed Dowan
  5734 | D:5      | Slain by Duvessa

Illustrated notes

Levels and vault maps discovered:
D:1:      sevenhm_arrival_forest_fort_small_4, layout_basic
D:2:      wad_woods_settlement, layout_basic,
          hellmonk_ecumenical_altar_heavens_door, serial_shops,
          nicolae_shop_crystal, uniq_jessica
D:3:      gammafunk_wand_slinger, layout_rooms, mainiacjoe_overflow_catwalk,
          lightli_sewer_entry_pipes, kennysheep_flooded_box
D:4:      layout_layer_cave, nicolae_ru_the_path_less_chosen, serial_rivers,
          chequers_serial_rivers_micro_c, chequers_serial_rivers_small_b,
          chequers_serial_rivers_marsh, chequers_serial_rivers_micro_e,
          uniq_grinder
D:5:      layout_loops_ring, minmay_temple_entry_butterflies, uniq_duvessa

Skill      XL: |  1  2  3  4  5  6  7  8 |
---------------+-------------------------+-----
Stealth        | 3 4 |  4.0
Conjurations   | 2 3 4 |  4.4
Spellcasting   | 3 4 5 |  5.5
Short Blades   | 1 |  1.5
Fire Magic     | 4 5 |  5.9
Fighting       | |  0.5
Dodging        | |  2.8

Action                   |  1- 3 |  4- 6 |  7- 9 || total
-------------------------+-------+-------+-------++-------
Melee: Unarmed           |     4 |       |       ||     4
       Constrict         |     3 |     6 |     4 ||    13
       Tentacles         |     2 |    10 |     7 ||    19
       Dagger            |     7 |    25 |    17 ||    49
       Punch             |       |       |     1 ||     1
       Short sword       |       |       |     2 ||     2
 Cast: Foxfire           |    38 |   110 |    90 ||   238
       Scorch            |       |     1 |    13 ||    14
       Conjure Flame     |       |       |     5 ||     5
       Inner Flame       |       |       |     2 ||     2
Evoke: Wand              |       |       |     2 ||     2
  Use: Potion            |       |     4 |       ||     4
 Stab: Sleeping          |     1 |     5 |     2 ||     8
Armor: Skin              |     2 |     2 |       ||     4
Dodge: Dodged            |     9 |    28 |    18 ||    55

Table legend: (Time is in decaauts)
 A = Elapsed time spent in this place.
 B = Non-inter-level travel time spent in this place.
 C = Inter-level travel time spent in this place.
 D = Time resting spent in this place.
 E = Time spent auto-exploring this place.
 F = Levels seen in this place.
 G = Mean time per level.
                   A        B        C        D        E       F      G
               +--------+--------+--------+--------+--------+-----+--------+
         Total |   5734 |   5691 |     43 |     94 |   4165 |   6 |  955.7 |
       Dungeon |   4747 |   4704 |     43 |     94 |   3444 |   5 |  949.4 |
         Sewer |    987 |    987 |      0 |      0 |    721 |   1 |  987.0 |
               +--------+--------+--------+--------+--------+-----+--------+

Top non-repeatable levels by time:
     D:2: 1313 daAuts
     D:4: 1263 daAuts
     D:1: 1149 daAuts
   Sewer: 987 daAuts
     D:3: 802 daAuts
     D:5: 218 daAuts
